 Dungeon Crawl Stone Soup version 0.31.0-11-ge490571c62 (webtiles) character file.

Game seed: 4826241974606907633

15 qw the Shooter (level 2, -8/16 HPs)
             Began as a Deep Elf Hunter on Feb 4, 2024.
             Mangled by Terence
             ... wielding a +0 mace
              (9 damage)
             ... on level 2 of the Dungeon.
             The game lasted 00:00:02 (1006 turns).

qw the Shooter (Deep Elf Hunter)                    Turns: 1006, Time: 00:00:02

Health: -8/16      AC:  3    Str:  8    XL:     2   Next: 34%
Magic:  4/4        EV: 12    Int: 13    God:
Gold:   30         SH:  0    Dex: 18    Spells: 1/1 levels left

rFire   . . .        a - +0 shortbow
rCold   . . .        (shield currently unavailable)
rNeg    . . .        c - +0 leather armour
rPois   .            (no helmet)
rElec   .            (no cloak)
rCorr   .            (no gloves)
SInv    .            (no boots)
Will    .....        (no amulet)
Stlth   ++           (no ring)
HPRegen 0.22/turn    (no ring)
MPRegen 0.09/turn

%: no passive effects
@: no status effects
A: no striking features
a: no special abilities


You were on level 2 of the Dungeon.
You visited 1 branch of the dungeon, and saw 2 of its levels.

You collected 30 gold pieces.


   Skills:
 - Level 1.5 Fighting
 + Level 6.2 Ranged Weapons
 - Level 2.4 Dodging
 - Level 1.2 Stealth


You had one spell level left.
You didn't know any spells.
Your spell library was empty.

Inventory:

Hand Weapons
 a - a +0 shortbow (weapon)
Armour
 c - a +0 leather armour (worn)
Scrolls
 d - a scroll of teleportation
Potions
 b - a potion of curing {unknown}

Dungeon Overview and Level Annotations

Branches:
Dungeon (2/15)

Altars:

Annotations:
D:2 Terence


Message History

You shoot an arrow. The arrow hits the bat.
You kill the bat!
Found an escape hatch in the ceiling.
b - a puce potion
Found 4 poisoned darts.
Terence the Incautious comes into view.
He is wielding a +0 mace.
You shoot an arrow. The arrow hits Terence.
Terence shouts!
Terence is moderately wounded.
You shoot an arrow. The arrow barely misses Terence.
You shoot an arrow.
The arrow hits Terence but does no damage.
Terence is moderately wounded.
You shoot an arrow.
The arrow hits Terence but does no damage.
Terence is moderately wounded.
You shoot an arrow. The arrow hits Terence!
Terence is severely wounded.
You shoot an arrow. The arrow hits Terence.
Terence is severely wounded.
Terence shouts, "Now you die!" Terence hits you with a +0 mace.
You shoot an arrow. The arrow hits Terence.
Terence is almost dead.
Terence closely misses you.
You shoot an arrow.
The arrow hits Terence but does no damage.
Terence is almost dead.
Terence hits you with a +0 mace.
You shoot an arrow.
The arrow hits Terence but does no damage.
Terence is almost dead.
Terence hits you with a +0 mace.
You shoot an arrow.
The arrow hits Terence but does no damage.
Terence is almost dead.
Terence hits you with a +0 mace! x2
Ouch! That really hurt!
You die...
Terence says, "That felt goooood."

#############
###...........#
.(.......####@#
..#.####.# #@#
#.####.#
#......#
#.####.# #.#
#.. #.# #.#
.#######.# ...
.........#


You could see Terence.

Vanquished Creatures
  A dart slug (D:1)
  2 ball pythons (D:1)
  2 giant cockroaches (D:1)
  2 hobgoblins (D:1)
  A bat (D:2)
  3 kobolds (D:1)
  3 rats
14 creatures vanquished.

Notes
Turn   | Place    | Note
-------+----------+-------------------------------------------
     0 | D:1      | qw the Deep Elf Hunter began the quest for the Orb.
     0 | D:1      | Reached XP level 1. HP: 12/12 MP: 3/3
     0 | D:1      | 0 ||| qw: Version: 0.3-a-160-g6735b56
     0 | D:1      | 0 ||| qw: Game counter: 5205
     0 | D:1      | 0 ||| qw: Melee chars always use a shield: true
     0 | D:1      | 0 ||| qw: God list: Okawaru
     0 | D:1      | 0 ||| qw: Allow faded altars: false
     0 | D:1      | 0 ||| qw: Do Orc after clearing Dungeon:15 true
     0 | D:1      | 0 ||| qw: Do second Lair branch before Depths: true
     0 | D:1      | 0 ||| qw: Lair rune preference: random
     0 | D:1      | 0 ||| qw: Goals: Normal
     0 | D:1      | 0 ||| PLANNING D:1-11
   255 | D:1      | Reached skill level 6 in Ranged Weapons
   255 | D:1      | Reached XP level 2. HP: 16/16 MP: 4/4
   836 | D:1      | 836 ||| READING 2 scrolls labelled TOUCUS DORASEPH.
   840 | D:1      | 840 ||| READING scroll labelled WUMUGU WUNACUG.
   941 | D:1      | 941 ||| READING scroll labelled TOUT XAALL.
   941 | D:1      | 941 ||| IDENTIFYING scroll labelled CESIZE LYATI
   942 | D:1      | 942 ||| DROPPING scroll of butterflies.
   943 | D:1      | 943 ||| DROPPING scroll of noise.
   996 | D:2      | Noticed Terence
  1006 | D:2      | HP: 1/16 [Terence/+0 mace (7)]
  1006 | D:2      | Mangled by Terence

Levels and vault maps discovered:
D:1:      shiori_arrival_oz, layout_basic
D:2:      layout_loops_ring, amcnicky_mini_corridor_feature, uniq_sigmund,
          uniq_terence

Skill      XL: |  1 |
---------------+----+-----
Ranged Weapons | 6 |  6.2
Fighting       | |  1.5
Dodging        | |  2.4
Stealth        | |  1.2

Action                     || total
---------------------------++-------
   Fire: Shortbow          ||    34
    Use: Scroll            ||     3
 Armour: Leather armour    ||     8
  Dodge: Dodged            ||     3

Table legend:
 A = Non-vault XP
 B = Vault XP
 C = Vault XP percentage of total XP
 D = Non-vault monster count
 E = Vault monster count
 F = Vault count percentage of total count
                 A         B        C        D         E       F
            +---------+---------+-------+---------+---------+-------
      Total |      19 |       3 |  13.6 |      12 |       2 |  14.3
            +---------+---------+-------+---------+---------+-------
        D:1 |      17 |       3 |  15.0 |      10 |       2 |  16.7
        D:2 |       2 |       0 |   0.0 |       2 |       0 |   0.0
            +---------+---------+-------+---------+---------+-------
